 Dungeon Crawl Stone Soup version 0.31-a0-174-g85c54bcb58 (webtiles) character file.

Game seed: 4164374952863675575

422 qw the Shooter (level 6, -1/57 HPs)
             Began as a Naga Hunter on June 15, 2023.
             Slain by a hobgoblin
             ... wielding a +0 club
              (3 damage)
             ... on level 3 of the Dungeon.
             The game lasted 00:00:37 (2167 turns).

qw the Shooter (Naga Hunter)                        Turns: 2167, Time: 00:00:37

Health: -1/57      AC:  3    Str: 13    XL:     6   Next: 95%
Magic:  6/6        EV: 10    Int:  9    God:
Gold:   68         SH:  0    Dex: 17    Spells: 5/5 levels left

rFire   . . .        Y - +1 shortbow
rCold   . . .        (shield currently unavailable)
rNeg    . . .        c - +0 leather armour
rPois   +            (no helmet)
rElec   .            (no cloak)
rCorr   .            (no gloves)
SInv    +            (no barding)
Will    ++...        (no amulet)
Stlth   ++           f - ring of willpower
HPRegen 0.29/turn    (no ring)
MPRegen 0.10/turn

%: no passive effects
@: short of breath, very slow
A: AC +2, large, see invisible, deformed body, poison resistance, slowness 2,
spit poison 1, naga tail 1, strong-willed 1
a: Spit Poison


You were on level 3 of the Dungeon.
You visited 1 branch of the dungeon, and saw 3 of its levels.

You collected 68 gold pieces.


Innate Abilities, Weirdness & Mutations

Your serpentine skin is tough. (AC +2)
You have supernaturally acute eyesight. (SInv)
Armour fits poorly on your strangely shaped body.
Your system is resistant to poisons. (rPois)
You cover ground very slowly.
You can spit poison.
You have a snake-like lower body.
You are strong-willed. (Will+)


   Skills:
 - Level 4.0 Fighting
 + Level 6.2 Ranged Weapons
 - Level 2.3 Dodging
 - Level 1.5 Stealth


You had 5 spell levels left.
You didn't know any spells.
Your spell library was empty.

Inventory:

Hand Weapons
 Y - a +1 shortbow (weapon)
Armour
 c - a +0 leather armour (worn)
Jewellery
 f - a ring of willpower (left hand)
Scrolls
 a - 2 scrolls of identify
Potions
 d - 2 potions of mutation
 h - a potion of curing

Dungeon Overview and Level Annotations

Branches:
Dungeon (3/15)

Altars:
Kikubaaqudgha

Annotations:
D:2 1 runed translucent door, Crazy Yiuf


Message History

The ball python bites you but does no damage.
The orc barely misses you. The jackal bites you.
The jackal bites you but does no damage. x2
The jackal bites you. The jackal closely misses you.
The ball python barely misses you.
You shoot an arrow. The arrow completely misses the jackal.
The jackal misses you.
The jackal bites you but does no damage.
The orc barely misses you. The jackal closely misses you. The jackal bites you.
The jackal barely misses you.
The ball python bites you but does no damage.
The jackal bites you. x2
The jackal bites you but does no damage.
An endoplasm comes into view.
The orc closely misses you. The jackal closely misses you.
You shoot an arrow. The arrow hits the jackal!
You kill the jackal!
The jackal bites you. x2; The ball python bites you.
The jackal bites you. The jackal misses you. The jackal closely misses you.
The orc closely misses you.
You shoot an arrow.
The arrow completely misses the hobgoblin.
You have got your breath back.
The jackal barely misses you. The jackal closely misses you.
The ball python misses you. The jackal bites you. x2
The jackal bites you but does no damage.
The jackal barely misses you. The orc hits you with a +0 club.
The ball python bites you but does no damage.
The hobgoblin hits you with a +0 club.
The jackal bites you but does no damage.
2167 ||| INVOKING Spit Poison.
Aiming: Spit Poison (1% risk of failure)
Press: ? - help, Shift-Dir - straight line, f/p - hobgoblin The splash of poison misses the hobgoblin.
The jackal barely misses you. The jackal completely misses you.
The jackal bites you but does no damage.
The jackal bites you.
The ball python bites you but does no damage.
The jackal barely misses you. The hobgoblin hits you with a +0 club.
You die...

......>..## #... #
.#####..## #... .
##..###### ##.# . #.
#........# #.# ..#J#
#.#.####.####.#
..)..#####.#.##.....)...
.)....o.......#.........
......hSg.....#.........
####gh@h.....#.........
#.oh......#.........
#.......>.#......<..
#.........#.........
..##.####.##......... #"
#.# .##......... # #.#
..######### #.#


You could see 2 orcs, an endoplasm, 4 jackals, 2 hobgoblins and a ball python.

Vanquished Creatures
  Sigmund (D:2)
  A scorpion (D:3)
  An orc priest (D:3)
  Natasha (thrice) (D:2)
  An adder (D:2)
  4 gnolls (D:2)
  A dart slug (D:1)
  3 orcs (D:3)
  5 ball pythons
  3 endoplasms (D:2)
  3 giant cockroaches
  A goblin (D:1)
  3 hobgoblins
  2 jackals (D:3)
  2 quokkas
  6 bats
  A frilled lizard (D:2)
  5 kobolds
  3 rats
49 creatures vanquished.

Notes
Turn   | Place    | Note
-------+----------+-------------------------------------------
     0 | D:1      | qw the Naga Hunter began the quest for the Orb.
     0 | D:1      | Reached XP level 1. HP: 19/19 MP: 1/1
     0 | D:1      | 0 ||| qw: Version: 0.2-a-29-g511e9b1
     0 | D:1      | 0 ||| qw: Game counter: 5324
     0 | D:1      | 0 ||| qw: Always use a shield: true
     0 | D:1      | 0 ||| qw: God list: Okawaru
     0 | D:1      | 0 ||| qw: Allow faded altars: false
     0 | D:1      | 0 ||| qw: Do Orc after D:15 true
     0 | D:1      | 0 ||| qw: Do second Lair branch before Depths: true
     0 | D:1      | 0 ||| qw: Lair rune preference: random
     0 | D:1      | 0 ||| qw: Plans: Normal
     0 | D:1      | 0 ||| PLANNING D:1-11
    13 | D:1      | 13 ||| INVOKING Spit Poison.
   110 | D:1      | 110 ||| FLEEEEING.
   111 | D:1      | 111 ||| FLEEEEING.
   112 | D:1      | 112 ||| FLEEEEING.
   117 | D:1      | 117 ||| FLEEEEING.
   118 | D:1      | 118 ||| FLEEEEING.
   119 | D:1      | 119 ||| FLEEEEING.
   120 | D:1      | 120 ||| FLEEEEING.
   121 | D:1      | 121 ||| FLEEEEING.
   137 | D:1      | 137 ||| INVOKING Spit Poison.
   206 | D:1      | 206 ||| INVOKING Spit Poison.
   209 | D:1      | Reached skill level 4 in Ranged Weapons
   209 | D:1      | Reached XP level 2. HP: 26/26 MP: 2/2
   432 | D:1      | 432 ||| Stepping ~*~*~tactically~*~*~ (outnumbered).
   434 | D:1      | 434 ||| INVOKING Spit Poison.
   472 | D:1      | 472 ||| INVOKING Spit Poison.
   492 | D:1      | 492 ||| INVOKING Spit Poison.
   497 | D:1      | 497 ||| INVOKING Spit Poison.
   552 | D:1      | 552 ||| INVOKING Spit Poison.
   630 | D:1      | 630 ||| INVOKING Spit Poison.
   842 | D:1      | 842 ||| UPGRADING to ring of willpower.
   843 | D:1      | 843 ||| READING scroll labelled ZAECOXZUIDOM.
   944 | D:1      | 944 ||| DRINKING 2 smoky emerald potions.
   945 | D:1      | 945 ||| DROPPING scroll of butterflies.
   946 | D:1      | 946 ||| DROPPING potion of attraction.
   964 | D:2      | 964 ||| INVOKING Spit Poison.
   988 | D:2      | Noticed Sigmund
   989 | D:2      | 989 ||| INVOKING Spit Poison.
   992 | D:2      | 992 ||| INVOKING Spit Poison.
   997 | D:2      | 997 ||| INVOKING Spit Poison.
   997 | D:2      | Killed Sigmund
   998 | D:2      | Reached skill level 6 in Ranged Weapons
   998 | D:2      | Reached XP level 3. HP: 20/32 MP: 3/3
   998 | D:2      | Reached XP level 4. HP: 24/39 MP: 4/4
   998 | D:2      | Reached XP level 5. HP: 28/45 MP: 5/5
  1064 | D:2      | Found an ancient bone altar of Kikubaaqudgha.
  1227 | D:2      | 1227 ||| INVOKING Spit Poison.
  1231 | D:2      | 1231 ||| INVOKING Spit Poison.
  1234 | D:2      | 1234 ||| INVOKING Spit Poison.
  1253 | D:2      | 1253 ||| INVOKING Spit Poison.
  1257 | D:2      | 1257 ||| INVOKING Spit Poison.
  1260 | D:2      | 1260 ||| INVOKING Spit Poison.
  1262 | D:2      | Reached XP level 6. HP: 33/55 MP: 6/6
  1265 | D:2      | 1265 ||| INVOKING Spit Poison.
  1268 | D:2      | 1268 ||| INVOKING Spit Poison.
  1269 | D:2      | Reached skill level 3 in Fighting
  1437 | D:2      | 1437 ||| INVOKING Spit Poison.
  1487 | D:2      | 1487 ||| INVOKING Spit Poison.
  1545 | D:2      | Found a runed translucent door.
  1546 | D:2      | Noticed Crazy Yiuf
  1661 | D:2      | Noticed Natasha
  1662 | D:2      | 1662 ||| INVOKING Spit Poison.
  1665 | D:2      | 1665 ||| INVOKING Spit Poison.
  1666 | D:2      | Killed Natasha
  1671 | D:2      | Noticed Natasha
  1672 | D:2      | 1672 ||| INVOKING Spit Poison.
  1678 | D:2      | 1678 ||| INVOKING Spit Poison.
  1680 | D:2      | Killed Natasha
  1906 | D:2      | Noticed Natasha
  1907 | D:2      | 1907 ||| INVOKING Spit Poison.
  1909 | D:2      | Killed Natasha
  1952 | D:2      | 1952 ||| READING 4 scrolls labelled CISSOPNEMUAF.
  1953 | D:2      | 1953 ||| READING scroll labelled EGEFUY AMOIVIH.
  2047 | D:2      | 2047 ||| READING scroll labelled GUR FEW LUQ.
  2048 | D:2      | 2048 ||| READING scroll labelled NEREXI WAIX.
  2049 | D:2      | 2049 ||| READING scroll labelled OPPOIH FATZOECW.
  2050 | D:2      | 2050 ||| DRINKING 3 glowing brown potions.
  2050 | D:2      | Gained mutation: You are strong-willed. (Will+) [potion of
                  | mutation]
  2051 | D:2      | 2051 ||| READING 3 scrolls of identify.
  2051 | D:2      | 2051 ||| IDENTIFYING fuming brown potion
  2069 | D:3      | 2069 ||| PLANNING SEWER
  2069 | D:3      | 2069 ||| INVOKING Spit Poison.
  2089 | D:3      | 2089 ||| INVOKING Spit Poison.
  2122 | D:3      | 2122 ||| INVOKING Spit Poison.
  2147 | D:3      | 2147 ||| INVOKING Spit Poison.
  2151 | D:3      | 2151 ||| INVOKING Spit Poison.
  2156 | D:3      | 2156 ||| INVOKING Spit Poison.
  2162 | D:3      | 2162 ||| INVOKING Spit Poison.
  2165 | D:3      | HP: 13/57 [jackal (3)]
  2166 | D:3      | HP: 5/57 [jackal (3)]
  2166 | D:3      | HP: 2/57 [hobgoblin/+0 club (1)]
  2167 | D:3      | 2167 ||| INVOKING Spit Poison.
  2167 | D:3      | Slain by a hobgoblin

Levels and vault maps discovered:
D:1:      minmay_arrival_stone_box, layout_basic, minmay_pentomino_w2
D:2:      layout_basic, basic_altar, kennysheep_generic_room_11,
          uniq_crazy_yiuf_cottage, uniq_sigmund, uniq_natasha
D:3:      minmay_general_purpose_star, layout_rooms, serial_shops,
          nicolae_shop_overgrown_old_shop, gup_sewer_entry_bubbles

Skill      XL: |  1  2  3  4  5  6 |
---------------+-------------------+-----
Ranged Weapons | 4 6 |  6.2
Fighting       | 4 |  4.0
Dodging        | 2 |  2.3
Stealth        | |  1.5

Action                     |  1- 3 |  4- 6 || total
---------------------------+-------+-------++-------
   Fire: Shortbow          |    23 |    55 ||    78
Ability: Spit Poison       |    13 |    23 ||    36
    Use: Scroll            |     1 |     6 ||     7
         Potion            |     1 |     1 ||     2
 Armour: Leather armour    |     3 |    32 ||    35
  Dodge: Dodged            |     7 |    52 ||    59

Table legend:
 A = Non-vault XP
 B = Vault XP
 C = Vault XP percentage of total XP
 D = Non-vault monster count
 E = Vault monster count
 F = Vault count percentage of total count
                 A         B        C        D         E       F
            +---------+---------+-------+---------+---------+-------
      Total |     331 |     272 |  45.1 |      44 |       5 |  10.2
            +---------+---------+-------+---------+---------+-------
        D:1 |      20 |       2 |   9.1 |      12 |       1 |   7.7
        D:2 |     165 |     268 |  61.9 |      22 |       3 |  12.0
        D:3 |     146 |       2 |   1.4 |      10 |       1 |   9.1
            +---------+---------+-------+---------+---------+-------
